 Dungeon Crawl Stone Soup version 0.23.2-11-gf996548c65 (webtiles) character file.

Game seed: 17551710467333044577

427 diana the Skirmisher (level 6, -3/39 HPs)
             Began as a Gargoyle Fighter on June 5, 2019.
             Killed from afar by an orc wizard (8 damage)
             ... with a puff of flame
             ... on level 5 of the Dungeon.
             The game lasted 00:05:05 (3150 turns).

diana the Skirmisher (Gargoyle Fighter)             Turns: 3150, Time: 00:05:06

Health: -3/39      AC: 11    Str: 20    XL:     6   Next: 97%
Magic:  6/6        EV:  7    Int: 10    God:
Gold:   101        SH:  9    Dex:  9    Spells: 5/5 levels left

rFire    . . .     SeeInvis .   a - +0 flail
rCold    . . .     Gourm    .   c - +0 shield
rNeg     + + .     Faith    .   b - +0 scale mail
rPois    ∞         Spirit   .   (no helmet)
rElec    +         Reflect  .   (no cloak)
rCorr    .         Harm     .   (no gloves)
MR       .....                  (no boots)
Stlth    ..........             (no amulet)
HPRegen  0.13/turn              v - ring of wizardry
MPRegen  0.10/turn              w - ring of positive energy

@: no status effects
A: negative energy resistance 1, electricity resistance, unbreathing,
petrification resistance, rot immunity, AC +4
a: no special abilities


You were on level 5 of the Dungeon.
You were very hungry.

You visited 1 branch of the dungeon, and saw 5 of its levels.

You collected 101 gold pieces.

Inventory:

Hand Weapons
 a - a +0 flail (weapon)
Armour
 b - a +0 scale mail (worn)
 c - a +0 shield (worn)
Jewellery
 v - a ring of wizardry (left hand)
 w - a ring of positive energy (right hand)
Wands
 u - a wand of digging (1)
Scrolls
 g - 3 scrolls of magic mapping {unknown}
 h - 4 scrolls of identify {unknown}
 i - a scroll of remove curse {unknown}
 k - a scroll of immolation {unknown}
 l - a scroll of blinking {unknown}
 o - a scroll of enchant armour {unknown}
 q - 2 scrolls of teleportation {unknown}
 r - 2 scrolls of enchant weapon {unknown}
 s - a scroll of fear {unknown}
 y - a scroll of amnesia {unknown}
Potions
 d - a potion of might
 e - a potion of brilliance {unknown}
 j - 2 potions of heal wounds {unknown}
 m - 3 potions of agility {unknown}
 n - a potion of cancellation {unknown}
 p - 2 potions of curing {unknown}
 t - a potion of degeneration {unknown}
 x - 2 potions of haste {unknown}
 z - a potion of mutation {unknown}
 A - a potion of invisibility {unknown}
Comestibles
 f - 8 rations


   Skills:
 + Level 4.7 Fighting
 * Level 4.7 Maces & Flails
 + Level 4.7 Armour
 + Level 4.7 Shields


You had 5 spell levels left.
You didn't know any spells.
Your spell library was empty.

Dungeon Overview and Level Annotations

Branches:
Dungeon (5/15)
 Temple: D:4-7

Altars:
Ashenzari
Dithmenos
Elyvilon
Makhleb
Nemelex Xobeh
Vehumet
Yredelemnul
The Shining One


Innate Abilities, Weirdness & Mutations

You are resistant to torment.
Your stone body is resilient. (AC +4)
You are immune to poison.
You resist negative energy. (rN+)
You are resistant to electric shocks. (rElec)
You can survive without breathing.
You are immune to petrification.
You are immune to rotting.


Message History

* * * LOW HITPOINT WARNING * * *
The worker ant bites you but does no damage.
You miss the orc. The orc hits you but does no damage. x2
Something hits you but does no damage. The worker ant barely misses you.
The orc barely misses you.
Unknown command.
You miss the worker ant.
The worker ant is lightly wounded.
You feel less confused. You block the orc's attack.
The worker ant bites you but does no damage.
The orc barely misses you.
You hear some strange, mumbled words.
Something tries to affect you, but you resist.
You block the orc's attack. The orc hits you but does no damage.
You block the worker ant's attack. The orc hits you but does no damage.
You hear some strange, mumbled words.
A puff of flame appears from out of thin air!
The puff of flame hits you!
You die...

......# ######.###
.....# ##'### .....#
#..... .$..# #.....
....# #..... ####o..###
#..... ##..oao...#
#....( #...{(o._.##
#.....
#...@......#####.....
#.....8........#.....
###..............#.....
..................#.....
.###.#..._........##'###
#.###..........##.# #
#.##†......##.# #
.[.##.......##.# #
#.#####.......##.# #


You could see a worker ant and 4 orcs.

Vanquished Creatures
  Menkaure (D:5)
  A hound (D:5)
  2 bullfrog skeletons
  Jessica (D:3)
  An orc wizard (D:4)
  A worker ant (D:4)
  A worker ant zombie (D:5)
  5 adders
  An ooze (D:1)
  An adder skeleton (D:5)
  2 dart slugs (D:2)
  2 leopard geckos
  An orc (D:4)
  11 bats
  8 giant cockroaches
  2 goblins
  8 hobgoblins
  8 jackals (D:2)
  4 quokkas
  2 ball pythons
  2 frilled lizards (D:3)
  A jackal skeleton (D:4)
  8 kobolds
  A leopard gecko skeleton (D:2)
  7 rats
82 creatures vanquished.

Notes
Turn   | Place    | Note
-------+----------+-------------------------------------------
     0 | D:1      | diana the Gargoyle Fighter began the quest for the Orb.
     0 | D:1      | Reached XP level 1. HP: 14/14 MP: 1/1
   221 | D:1      | Reached XP level 2. HP: 12/19 MP: 2/2
   939 | D:2      | Reached XP level 3. HP: 23/23 MP: 3/3
  1710 | D:3      | Reached XP level 4. HP: 29/29 MP: 4/4
  1740 | D:3      | Found a radiant altar of Vehumet.
  1830 | D:3      | Found a glowing golden altar of the Shining One.
  1886 | D:3      | Found a sparkling altar of Nemelex Xobeh.
  1904 | D:3      | Noticed Jessica
  1908 | D:3      | Killed Jessica
  1908 | D:3      | Reached XP level 5. HP: 33/33 MP: 5/5
  1987 | D:3      | Found a white marble altar of Elyvilon.
  2166 | D:3      | Found a shattered altar of Ashenzari.
  2772 | D:4      | Noticed an ogre
  2811 | D:5      | Entered Level 5 of the Dungeon
  2817 | D:5      | Reached XP level 6. HP: 35/39 MP: 6/6
  2882 | D:5      | Noticed Menkaure
  2892 | D:5      | Killed Menkaure
  3092 | D:5      | Found a burning altar of Makhleb.
  3123 | D:5      | Found a shadowy altar of Dithmenos.
  3123 | D:5      | Found a basalt altar of Yredelemnul.
  3150 | D:5      | Killed from afar by an orc wizard

Skill      XL: |  1  2  3  4  5 |
---------------+----------------+-----
Maces & Flails | 3 4 |  4.7
Fighting       | 4 |  4.7
Armour         | 4 |  4.7
Shields        | 4 |  4.7

Action                   |  1- 3 |  4- 6 || total
-------------------------+-------+-------++-------
Melee: Flail             |   183 |   200 ||   383
  Eat: Chunk             |     2 |     5 ||     7
Armor: Scale mail        |   110 |   154 ||   264
Dodge: Dodged            |    68 |    92 ||   160
Block: Shield            |   100 |    98 ||   198
